 Dungeon Crawl Stone Soup version 0.28-a0-991-g956f0ee3d5 (webtiles) character file.

Game seed: 2477969425732286606

18 demibob the Twirler (level 2, 22/22 HPs)
             Began as a Demonspawn Gladiator on Dec 5, 2021.
             Was a Follower of Dithmenos.
             Quit the game on level 1 of the Dungeon.
             The game lasted 00:01:31 (1274 turns).

demibob the Twirler (Demonspawn Gladiator)          Turns: 1274, Time: 00:01:31

Health: 22/22      AC:  5    Str: 14    XL:     2   Next: 51%
Magic:  2/2        EV: 12    Int:  9    God:    Dithmenos [*.....]
Gold:   72         SH:  0    Dex: 14    Spells: 1/1 levels left

rFire   . . .      SeeInvis .   a - +0 quarterstaff
rCold   . . .      Faith    .   (shield currently unavailable)
rNeg    . . .      Spirit   .   b - +0 leather armour
rPois   .          Reflect  .   c - +1 helmet
rElec   .          Harm     .   (no cloak)
rCorr   .          Rampage  .   (no gloves)
Will    .....                   (no boots)
Stlth   +.........              (no amulet)
HPRegen 0.07/turn               (no ring)
MPRegen 0.08/turn               (no ring)

@: wreathed by umbra
A: hooves 1
a: Renounce Religion


You were on level 1 of the Dungeon.
You worshipped Dithmenos.
Dithmenos was aware of your devotion.
You visited 1 branch of the dungeon, and saw 1 of its levels.

You collected 72 gold pieces.


Innate Abilities, Weirdness & Mutations

You have large cloven feet.


   Skills:
 - Level 2.0 Fighting
 + Level 3.5 Staves
 - Level 1.7 Throwing
 - Level 2.6 Dodging


You had one spell level left.
You didn't know any spells.
Your spell library was empty.

Inventory:

Hand Weapons
 a - a +0 quarterstaff (weapon)
Missiles
 d - 3 throwing nets (quivered) {=f}
Armour
 b - a +0 leather armour (worn)
 c - a +1 helmet (worn)
 f - a +0 pair of gloves
Potions
 e - a potion of haste {unknown}

Dungeon Overview and Level Annotations

Branches:
Dungeon (1/15)

Altars:
Dithmenos

###########................#
####### #.....▒▓...##...<#
......# #................#
......# #.▓▓▓▓▓▓▒▒▒##▒########
......# #.# #.>...........#
......# ###+## #.#####..###.##
......# #....###########..# #.#
......# #....#∩#∩#∩#...#..# #.#
......###.......@....#.#..# #.#
.............#∩#∩#∩#>#.#..# #.#
##......##############.#..# #.#
##......# ######.###.#..# #.#
##......# #.............# #.#
##......#####.####.###.#.## #.#
##.................###.#.####.##
...............................#
.).)........#.###.............##


There were no monsters in sight!


Message History

You open the door.
There is an open door here.
Found a scroll labelled AKUOPI ASTROHIR.
i - a scroll labelled AKUOPI ASTROHIR
There is a stone staircase leading down here.
You open the door.
There is an open door here.
Done exploring.
Done exploring.
Done exploring.
Done exploring.
Blink to where?
Press: ? - help, Dir - move target, f - you Are you sure you want to cancel this blink?
Okay, then.
As you read the scroll labelled AKUOPI ASTROHIR, it crumbles to dust.
It was a scroll of blinking.
As you read the scroll labelled GETEENESUM, it crumbles to dust.
It is a scroll of enchant armour.
Your +0 helmet glows green for a moment.
As you read the scroll labelled VENEV DAMMEALU, it crumbles to dust.
You hear a loud clanging noise!
It was a scroll of noise.
Search for what [? for help]? altar
There is a faded altar of an unknown god here.
You cannot tell which god this altar belongs to.
Convert to them anyway?
Dithmenos accepts your prayer! Dithmenos welcomes you!
You are shrouded in an aura of darkness!
Are you sure you want to abandon this character and quit the game? (Confirm with "yes".)

Skill      XL: |  1 |
---------------+----+-----
Staves         | 3 |  3.5
Fighting       | |  2.0
Throwing       | |  1.7
Dodging        | |  2.6

Action                   || total
-------------------------++-------
Melee: Quarterstaff      ||    43
       Kick              ||     5
  Use: Scroll            ||     4
Armor: Leather armour    ||     9
Dodge: Dodged            ||    21

Levels and vault maps discovered:
D:1:      wheals_arrival_shading, layout_basic, ebering_ecumenical_altar_hall

Notes
Turn   | Place    | Note
-------+----------+-------------------------------------------
     0 | D:1      | demibob the Demonspawn Gladiator began the quest for the
                  | Orb.
     0 | D:1      | Reached XP level 1. HP: 16/16 MP: 1/1
   195 | D:1      | Reached skill level 3 in Staves
   327 | D:1      | Gained mutation: You have large cloven feet. [demonic
                  | ancestry]
   327 | D:1      | Reached XP level 2. HP: 20/21 MP: 2/2
   632 | D:1      | Found a faded altar of an unknown god.
  1273 | D:1      | Prayed at the altar of an unknown god.
  1273 | D:1      | Became a worshipper of Dithmenos the Shadowed
  1273 | D:1      | Reached * piety under Dithmenos
  1274 | D:1      | Quit the game

Vanquished Creatures
  A bat (D:1)
  3 endoplasms (D:1)
  A giant cockroach (D:1)
  4 goblins (D:1)
  A hobgoblin (D:1)
  2 kobolds (D:1)
  A quokka (D:1)
  2 ball pythons (D:1)
  A rat (D:1)
16 creatures vanquished.

Table legend: (Time is in decaauts)
 A = Elapsed time spent in this place.
 B = Non-inter-level travel time spent in this place.
 C = Inter-level travel time spent in this place.
 D = Time resting spent in this place.
 E = Time spent auto-exploring this place.
 F = Levels seen in this place.
 G = Mean time per level.
                   A        B        C        D        E       F      G
               +--------+--------+--------+--------+--------+-----+--------+
         Total |   1279 |   1230 |     49 |    174 |    929 |   1 | 1279.0 |
       Dungeon |   1279 |   1230 |     49 |    174 |    929 |   1 | 1279.0 |
               +--------+--------+--------+--------+--------+-----+--------+

Top non-repeatable levels by time:
     D:1: 1279 daAuts

Table legend:
 A = Non-vault XP
 B = Vault XP
 C = Vault XP percentage of total XP
 D = Non-vault monster count
 E = Vault monster count
 F = Vault count percentage of total count
                 A         B        C        D         E       F
            +---------+---------+-------+---------+---------+-------
      Total |      27 |       0 |   0.0 |      16 |       0 |   0.0
            +---------+---------+-------+---------+---------+-------
        D:1 |      27 |       0 |   0.0 |      16 |       0 |   0.0
            +---------+---------+-------+---------+---------+-------
